 Dungeon Crawl Stone Soup version 0.31.0-32-g396128a36d (webtiles) character file.

Game seed: 9362873995128113036

273 monsoonserge the Ruffian (level 6, -5/41 HPs)
             Began as an Octopode Shapeshifter on Apr 9, 2024.
             Slain by Duvessa
             ... wielding a +0 short sword
              (12 damage)
             ... on level 4 of the Dungeon.
             The game lasted 00:07:41 (2675 turns).

monsoonserge the Ruffian (Octopode Shapeshifter)    Turns: 2675, Time: 00:07:41

Health: -5/41      AC:  8    Str: 15    XL:     6   Next: 23%
Magic:  15/15      EV: 13    Int: 12    God:
Gold:   207        SH:  0    Dex: 12    Spells: 5/5 levels left

rFire   . . .        o - +8 whip "Oxuvirgh" {protect, MP+9}
rCold   . . .        (no shield)
rNeg    . . .        (helmet currently unavailable)
rPois   .            (no amulet)
rElec   .            (no ring)
rCorr   .            (no ring)
SInv    .            (no ring)
Will    .....        (no ring)
Stlth   +++          (no ring)
HPRegen 0.26/turn    (no ring)
MPRegen 0.14/turn    (no ring)
                     (no ring)

%: no passive effects
@: beast-form, under a protective aura
A: beast (slay +2), almost no armour, amphibious, 8 rings, camouflage 1,
gelatinous body 1, (nimble swimmer 1), tentacles
a: Begin Untransformation


You were on level 4 of the Dungeon.
You were a hulking beast.
You visited 1 branch of the dungeon, and saw 4 of its levels.

You collected 207 gold pieces.

Inventory:

Hand Weapons
 o - the +8 whip "Oxuvirgh" (weapon) {protect, MP+9}
   (You found it on level 4 of the Dungeon)

   MP+9:      It affects your magic capacity (+9).
Jewellery
 r - an amulet of regeneration
 u - a ring of ice
Talismans
 b - a beast talisman
 c - a flux talisman
Wands
 s - a wand of polymorph (15)
Scrolls
 d - 4 scrolls of teleportation {unknown}
 h - 3 scrolls of identify {unknown}
 i - 3 scrolls of amnesia {unknown}
 n - a scroll of torment {unknown}
Potions
 a - a potion of lignification
 e - 2 potions of resistance {unknown}
 f - a potion of attraction {unknown}
 g - 2 potions of might {unknown}
 j - a potion of brilliance {unknown}
 k - a potion of degeneration {unknown}
 l - a potion of heal wounds {unknown}
 m - a potion of curing {unknown}
 p - a potion of mutation {unknown}
 q - a potion of magic {unknown}
 t - a potion of berserk rage {unknown}
 v - a potion of haste {unknown}


   Skills:
 + Level 2.7 Fighting
 * Level 2.0 Maces & Flails
 + Level 2.6 Dodging
 + Level 2.5 Stealth
 - Level 4.2 Unarmed Combat
 + Level 3.8 Shapeshifting


You had 5 spell levels left.
You didn't know any spells.
Your spell library contained the following spells:

 Spells                   Type           Power      Damage    Failure   Level
 Cigotuvi's Dreadful Rot  Necr/Alch/Air  0%         N/A       45%         2
 Dispel Undead            Necr           0%         3d6       97%         4
 Martyr's Knell           Necr/Summ      0%         N/A       97%         4
 Death Channel            Necr           0%         N/A       100%        6


Dungeon Overview and Level Annotations

Branches:
Dungeon (4/15)
 Temple: D:4-7

Altars:
Cheibriados
Hepliaklqana
Qazlal
Uskayaw
The Shining One

Annotations:
D:4 Duvessa


Innate Abilities, Weirdness & Mutations

You are a hulking beast.
Your limbs bulge with bestial killing power. (Slay +2)
You cannot wear most types of armour.
You are amphibious.
You can wear up to eight rings at the same time.
Your skin changes colour to match your surroundings (Stealth+).
Your rubbery body absorbs attacks. (AC +1, EV +1)
((You are camouflaged when in or above water. (Stealth+)))
You have tentacles for arms and can constrict up to eight enemies at once.


Message History

Dowan is almost dead.
You constrict Dowan.
You kill Dowan!
You hear a distant scream of rage.
Training target 2.0 for Maces & Flails reached!
Your Maces & Flails skill increases to level 2!
You are a hulking beast.
Your weapon is exuding a protective aura.
You have 6 tentacles available for constriction.
Your movement speed is average.
Your attack delay is about 1.0.
Your damage rating with the +8 whip "Oxuvirgh" {protect, MP+9} is about 17 (Base 6 x 112% (Str) x 108% (Skill) + 10 (Ench + Slay)).
Things that are here:
a +4 dagger of freezing; a +0 robe; the elf corpse of Dowan You now have 207 gold pieces (gained 9).
HP restored.
Duvessa is nearby!
Aiming: Polymorph
Press: ? - help, Shift-Dir - straight line, f - Duvessa
Aim: Duvessa, wielding a +0 short sword, wearing a +0 ring mail and carrying a wand of flame (wandering, hasn't noticed you, will become a crocodile, a golden eye, or a water moccasin, chance to affect: 31%)
Okay, then.
Duvessa goes berserk!
Duvessa rages.
Duvessa hits you with a +0 short sword.
You hit Duvessa but do no damage.
Your weapon exudes an aura of protection.
You grab Duvessa. You squeeze Duvessa!
Duvessa is lightly wounded.
You constrict Duvessa. Duvessa hits you with a +0 short sword!
Unknown command.
You whack Duvessa!
Duvessa is moderately wounded.
You constrict Duvessa, but do no damage.
Duvessa hits you with a +0 short sword! x2
* * * LOW HITPOINT WARNING * * *
Unknown command.
You whack Duvessa! You squeeze Duvessa.
Duvessa is heavily wounded.
You constrict Duvessa, but do no damage.
Duvessa hits you with a +0 short sword!
You die...

##.....................###
########+#####..##.###.# #
#.####...#.)..#.#
########.##...#.#...##.#
#..........).........#.######
..........#.#.#.#...........#
............................#
..........#.#.#.............#
.<...........#..h############
........#.#.#.#.e#
.........(e......#
....#.#.......#.##
................#
###.#.#e....#.#.#
#............#....
#.#.#.#...#.#.#...#
.....#.....#......#


You could see Duvessa (berserk).

Vanquished Creatures
  An ice beast (D:3)
  Dowan (D:4)
  An iguana (D:4)
  5 adders
  A dart slug (D:3)
  An orc (D:3)
  6 ball pythons
  8 bats
  7 endoplasms
  A giant cockroach (D:1)
  2 goblins
  6 hobgoblins
  A quokka (D:3)
  4 frilled lizards
  11 kobolds
  4 rats
60 creatures vanquished.

Notes
Turn   | Place    | Note
-------+----------+-------------------------------------------
     0 | D:1      | monsoonserge the Octopode Shapeshifter began the quest for
                  | the Orb.
     0 | D:1      | Reached XP level 1. HP: 13/13 MP: 1/1
   180 | D:1      | Reached XP level 2. HP: 17/18 MP: 2/2
   304 | D:1      | Found a faded altar of an unknown god.
   413 | D:1      | Reached skill level 1 in Stealth
   799 | D:2      | Reached XP level 3. HP: 24/24 MP: 3/3
  1144 | D:2      | Reached XP level 4. HP: 26/29 MP: 4/4
  1493 | D:3      | Found a glowing golden altar of the Shining One.
  1501 | D:3      | Reached skill level 4 in Unarmed Combat
  1596 | D:3      | Found a hide-covered altar of Uskayaw.
  1657 | D:3      | You fall into a shaft and drop 1 floor!
  1667 | D:4      | Identified the +8 whip "Oxuvirgh" {protect, MP+9}
  1764 | D:4      | Found a hazy altar of Hepliaklqana.
  2106 | D:3      | Found a stormy altar of Qazlal.
  2425 | D:4      | Noticed an ice beast
  2427 | D:4      | Noticed Dowan
  2427 | D:4      | Noticed Duvessa
  2449 | D:3      | HP: 1/29 [ice beast (14)]
  2453 | D:3      | Killed an ice beast
  2454 | D:3      | Reached skill level 1 in Maces & Flails
  2454 | D:3      | Reached XP level 5. HP: 3/35 MP: 5/5
  2587 | D:4      | Reached XP level 6. HP: 41/41 MP: 6/6
  2604 | D:4      | Found a snail-covered altar of Cheibriados.
  2639 | D:4      | Killed Dowan
  2675 | D:4      | Slain by Duvessa

Illustrated notes

Levels and vault maps discovered:
D:1:      pf_arrival_petrified_forest, layout_loops_ring,
          ebering_ecumenical_altar_sacrificial, nicolae_figureground_pulse
D:2:      layout_loops_ring, minmay_fractal_squares_5
D:3:      corexii_shack_village, layout_loops_ring, grunt_qazlal_sundering,
          mainiacjoe_overflow_brackets, general_overflow_altar
D:4:      layout_basic, kennysheep_mini, fedhas_altar_fruit_tree,
          worldfamousw_hep_ancestral_shrine, serial_shops,
          nicolae_shop_bloodbath_and_beyond, hangedman_decor_riveting,
          bh_walls_and_bars, uniq_natasha, uniq_duvessa

Skill      XL: |  1  2  3  4  5  6 |
---------------+-------------------+-----
Stealth        | 1 2 |  2.5
Fighting       | 2 |  2.7
Unarmed Combat | 4 |  4.2
Maces & Flails | 1 2 |  2.0
Dodging        | |  2.6
Shapeshifting  | |  3.8

Action                     |  1- 3 |  4- 6 || total
---------------------------+-------+-------++-------
  Melee: Unarmed           |    49 |    23 ||    72
         Constrict         |    15 |    10 ||    25
         Tentacles         |     9 |    10 ||    19
         Punch             |     3 |       ||     3
         Whip              |       |    36 ||    36
   Stab: Sleeping          |     8 |    12 ||    20
 Armour: Skin              |    22 |    18 ||    40
  Dodge: Dodged            |    32 |    19 ||    51
